[Event "2nd Kalyan Dombivali 2019"]
[Site "Kalyan"]
[Date "2019.02.01"]
[Round "6"]
[White "Om Nagnath Lamkane"]
[Black "Shivshankar Iyer S"]
[Result "0-1"]
[ECO "B34"]
[WhiteElo "1400"]
[BlackElo "1619"]
[Annotator "NA RC"]
[PlyCount "100"]
[EventDate "2019.01.28"]
[EventType "swiss"]
[EventRounds "10"]
[EventCountry "IND"]
[SourceTitle "playchess.com"]
[Source "ChessBase"]
[SourceQuality "1"]
[TimeControl "5400+30"]

1. e4 c5 2. Nf3 Nc6 3. d4 cxd4 4. Nxd4 Nf6 5. Nc3 e5 6. Ndb5 d6 7. Nd5 Nxd5 8. exd5 Ne7 9. c4 Ng6 10. Be2 Be7 11. O-O O-O 12. Nc3 f5 13. Qc2 b6 14. f4 Bf6 15. Bd3 e4 16. Be2 Bd4+ 17. Kh1 Bd7 18. Nd1 Rc8 19. Be3 Bf6 20. Qd2 h6 21. Bd4 Nh8 22. Bxf6 Qxf6 23. Ne3 g5 24. g4 gxf4 25. Nxf5 e3 26. Qc2 Bxf5 27. gxf5 Qe5 28. Rg1+ Kf7 29. Bh5+ Kf6 30. Qg2 Rg8 31. Qf3 Rxg1+ 32. Rxg1 Rxc4 33. Qg2 Ke7 34. Qg7+ Qxg7 35. Rxg7+ Kf6 36. Rh7 Kg5 37. Bf3 Rc1+ 38. Kg2 Rc2+ 39. Kg1 Rf2 40. h4+ Kxf5 41. Bh5 f3 42. Rxh8 Rg2+ 43. Kh1 e2 44. Re8 Rg8 45. Re3 Rc8 46. Kg1 Rc1+ 47. Kf2 Rf1+ 48. Kg3 e1=Q+ 49. Rxe1 Rxe1 50. Bxf3 Ra1 0-1

[Event "2nd Kalyan Dombivali 2019"]
[Site "Kalyan"]
[Date "2019.02.01"]
[Round "7"]
[White "Kulkarni, Vikramaditya"]
[Black "Snehal, Bhosale"]
[Result "1-0"]
[ECO "A28"]
[WhiteElo "2345"]
[BlackElo "2135"]
[Annotator "ChessBase"]
[PlyCount "135"]
[EventDate "2019.01.28"]
[EventType "swiss"]
[EventRounds "10"]
[EventCountry "IND"]
[SourceTitle "playchess.com"]
[Source "ChessBase"]
[SourceQuality "1"]
[TimeControl "5400+30"]

1. c4 e5 2. Nc3 Nf6 3. Nf3 Nc6 4. e3 Bb4 5. Qc2 d6 6. Ne2 Qe7 7. a3 Ba5 8. b4 Bb6 9. Nc3 a5 10. Rb1 axb4 11. axb4 O-O 12. Bd3 h6 13. b5 Nd8 14. O-O Bg4 15. Ne1 e4 16. Bxe4 Nxe4 17. Nd5 Qe8 18. Nxb6 cxb6 19. f3 Bf5 20. fxe4 Bxe4 21. d3 Bh7 22. g4 f5 23. gxf5 Bxf5 24. Qg2 Rf6 25. Rf3 Rg6 26. Rg3 Rxg3 27. Qxg3 Ne6 28. Bb2 Qh5 29. Ng2 Qe2 30. e4 Qc2 31. Ra1 Rxa1+ 32. Bxa1 Ng5 33. exf5 Qd1+ 34. Kf2 Qxa1 35. Qxd6 Qd1 36. Qd5+ Kh8 37. h4 Nh3+ 38. Kg3 Ng1 39. Qe4 Qf1 40. Qe8+ Kh7 41. Qg6+ Kh8 42. Qe8+ Kh7 43. Qe3 Ne2+ 44. Kh2 Qd1 45. h5 Kg8 46. f6 gxf6 47. Qe8+ Kg7 48. Qg6+ Kf8 49. Qxf6+ Ke8 50. Qe6+ Kd8 51. Qxb6+ Kc8 52. Qe6+ Kd8 53. Qf6+ Ke8 54. Qe6+ Kd8 55. Qe3 Kc7 56. c5 Kd8 57. b6 Kd7 58. Nh4 Qe1 59. Nf5 Qf1 60. Ng3 Nxg3 61. Kxg3 Qf6 62. Qe4 Qa1 63. Qxb7+ Ke8 64. Qe4+ Kd8 65. Qd5+ Kc8 66. Qe6+ Kd8 67. Qd6+ Ke8 68. Qb8+ 1-0

[Event "2nd Kalyan Dombivali 2019"]
[Site "Kalyan"]
[Date "2019.02.01"]
[Round "7"]
[White "Kathmale, Sameer"]
[Black "Gusain, Himal"]
[Result "1/2-1/2"]
[ECO "B46"]
[WhiteElo "2312"]
[BlackElo "2371"]
[Annotator "ChessBase"]
[PlyCount "175"]
[EventDate "2019.01.28"]
[EventType "swiss"]
[EventRounds "10"]
[EventCountry "IND"]
[SourceTitle "playchess.com"]
[Source "ChessBase"]
[SourceQuality "1"]
[TimeControl "5400+30"]

1. e4 c5 2. Nf3 e6 3. d4 cxd4 4. Nxd4 Nc6 5. Nc3 a6 6. f4 Qc7 7. Nxc6 Qxc6 8. Bd3 b5 9. Qe2 Bb7 10. Bd2 Nf6 11. e5 Nd5 12. Be4 Qc5 13. Qf3 Be7 14. Nxd5 Bxd5 15. Bxd5 Qxd5 16. Qxd5 exd5 17. Be3 d6 18. exd6 Bxd6 19. O-O-O O-O-O 20. Rxd5 Bc7 21. Rxd8+ Rxd8 22. g3 h5 23. Rd1 Re8 24. Kd2 h4 25. Ke2 hxg3 26. hxg3 g5 27. fxg5 Bxg3 28. Rf1 Re7 29. c3 Be5 30. Kd3 Kb7 31. Bc5 Rd7+ 32. Ke4 Bc7 33. Rf5 Bd8 34. Be3 Kc6 35. Rc5+ Kb7 36. Rd5 Rxd5 37. Kxd5 Kc7 38. b3 Be7 39. c4 bxc4 40. bxc4 Kb7 41. Bf4 Kb6 42. Be3+ Kb7 43. c5 Kc7 44. Bc1 Kb7 45. Bf4 Bd8 46. c6+ Kc8 47. Kc5 Ba5 48. Be3 Kc7 49. Bf4+ Kc8 50. a4 Bd8 51. Bd2 Bc7 52. Be3 Ba5 53. Bf4 Bd8 54. Kd5 Be7 55. Ke4 Bd8 56. Kf5 Be7 57. Be5 Bb4 58. Bf4 Be7 59. Ke4 Kd8 60. Kf5 Kc8 61. Bg3 Bb4 62. Be5 Be7 63. Bf4 Kd8 64. Ke5 Kc8 65. Ke4 Kd8 66. Kf5 Kc8 67. Be5 Bb4 68. Kf6 Bd2 69. Bd6 Be3 70. Kf5 Bd2 71. Bh2 Bb4 72. Bf4 Be7 73. Ke5 Kc7 74. Kd5+ Kc8 75. Bd2 Kc7 76. Be3 Kc8 77. Bf4 Kd8 78. a5 Kc8 79. Ke4 Bb4 80. Kf5 Bxa5 81. Kf6 Bd8+ 82. Kxf7 Bxg5 83. Bxg5 Kc7 84. Bd2 Kxc6 85. Ke6 Kb5 86. Kd5 a5 87. Bxa5 Kxa5 88. Ke4 1/2-1/2

[Event "2nd Kalyan Dombivali 2019"]
[Site "Kalyan"]
[Date "2019.02.01"]
[Round "7"]
[White "Saranya, J."]
[Black "Midilesh MS"]
[Result "1-0"]
[ECO "B40"]
[WhiteElo "2094"]
[BlackElo "1558"]
[Annotator "NA"]
[PlyCount "81"]
[EventDate "2019.01.28"]
[EventType "swiss"]
[EventRounds "10"]
[EventCountry "IND"]
[SourceTitle "playchess.com"]
[Source "ChessBase"]
[SourceQuality "1"]
[TimeControl "5400+30"]

1. e4 c5 2. Nf3 e6 3. d3 a6 4. g3 b5 5. Bg2 Bb7 6. Nbd2 d6 7. O-O Nd7 8. c3 Ngf6 9. Re1 Be7 10. d4 cxd4 11. cxd4 e5 12. b3 Qb6 13. Bb2 O-O 14. Qe2 exd4 15. Bxd4 Qa5 16. a3 Rad8 17. Nh4 Rfe8 18. Rec1 Bf8 (18... Rc8 $14) 19. b4 Qa4 20. Qe1 Rc8 {[%emt 0:09:35] [#]} 21. Bf3 $1 Rc2 22. Nf5 Rec8 $18 23. Rcb1 Ne5 24. Bxe5 dxe5 25. Bd1 Rd8 26. Ne3 Rdxd2 27. Nxc2 Rxc2 28. f3 g6 29. Qe3 Kg7 30. Qd3 Bc8 31. Bxc2 Qxc2 32. Qxc2 Be6 33. Qc3 Nd7 34. Rd1 f6 35. Qc7 Be7 36. Rxd7 Bxd7 37. Qxd7 Kf7 38. Rc1 h5 39. Rc7 Kg8 40. Qxe7 h4 41. Qg7# 1-0

[Event "2nd Kalyan Dombivali 2019"]
[Site "Kalyan"]
[Date "2019.02.01"]
[Round "7"]
[White "Ahmed, Feroz"]
[Black "Lund Rachit"]
[Result "0-1"]
[ECO "A14"]
[WhiteElo "1919"]
[BlackElo "1572"]
[Annotator "NA"]
[PlyCount "87"]
[EventDate "2019.01.28"]
[EventType "swiss"]
[EventRounds "10"]
[EventCountry "IND"]
[SourceTitle "playchess.com"]
[Source "ChessBase"]
[SourceQuality "1"]
[TimeControl "5400+30"]

1. c4 Nf6 2. g3 e6 3. Bg2 d5 4. Nf3 Be7 5. O-O O-O 6. d4 dxc4 7. Qa4 a6 8. Qxc4 b5 9. Qc2 Bb7 10. Nbd2 {[%emt 0:01:15] LiveBook: 23 Games} Nbd7 11. a3 (11. Ne5 $11 Bxg2 12. Kxg2) 11... c5 12. dxc5 Bxc5 13. b4 Be7 14. Nb3 (14. Bb2 $11) 14... Rc8 15. Qd3 e5 16. Na5 Bd5 17. Qe3 e4 18. Nd4 Ne5 19. Bb2 $2 (19. Nf5 $11 {and White is okay.}) 19... Nfg4 20. Qd2 {[%emt 0:02:39] [#]} e3 $1 21. fxe3 Bxg2 22. Kxg2 Bg5 23. Rf4 (23. Nf3 $142 Nxe3+ 24. Kh1 Qxd2 25. Nxd2 Nxf1 26. Nxf1) 23... Bxf4 {[%emt 0:01:54] Decoy} 24. exf4 Qd5+ {[%emt 0:00:39] Decoy} ({Less strong is} 24... Nc4 25. Nxc4 bxc4 26. h3 $19) 25. Kg1 Nc4 26. Nxc4 bxc4 27. Qc3 Nf6 28. Nf3 Rfe8 29. Qc2 $2 {[%emt 0:04:19] [#]} (29. Re1 {is more resistant.}) 29... c3 $1 30. Bc1 Rcd8 31. Ra2 Ne4 32. Kf1 Nd2+ $2 (32... Qc6 $19 {has better winning chances.} 33. Kg1 Nd2) 33. Bxd2 cxd2 34. Qxd2 Qe6 35. Qb2 Qh3+ 36. Ke1 Qg2 37. Qb3 Qh1+ $2 (37... g6 38. a4 Re6) 38. Kf2 Rd1 39. Ne5 Qxh2+ 40. Kf3 Qh5+ 41. Kf2 Rh1 42. Qf3 $2 (42. Rd2 g5 43. Qd5) 42... Qh3 $19 43. Ke3 f6 44. Kf2 0-1

[Event "2nd Kalyan Dombivali 2019"]
[Site "Kalyan"]
[Date "2019.02.01"]
[Round "7"]
[White "Sparsh Khandelwal"]
[Black "Tikam Aradhya"]
[Result "1-0"]
[ECO "C23"]
[WhiteElo "1823"]
[BlackElo "1332"]
[Annotator "NA RC"]
[PlyCount "63"]
[EventDate "2019.01.28"]
[EventType "swiss"]
[EventRounds "10"]
[EventCountry "IND"]
[SourceTitle "playchess.com"]
[Source "ChessBase"]
[SourceQuality "1"]
[TimeControl "5400+30"]

1. e4 e5 2. Bc4 Bc5 3. Nc3 Nf6 4. d3 h6 5. h3 d6 6. Nge2 Nc6 7. O-O Be6 8. Bxe6 fxe6 9. Na4 Bb6 10. Nxb6 axb6 11. f4 O-O 12. c3 exf4 13. Nxf4 Qe8 14. a3 e5 15. Qb3+ Kh7 16. Ne2 Qf7 17. Qc2 Rae8 18. Be3 Qg6 19. Kh2 Re7 20. Ng3 Nh5 21. Nf5 $2 (21. Nxh5 $14 {stays ahead.} Rxf1 22. Rxf1 Qxh5 23. Rf5) 21... Ref7 $2 ({Black should try} 21... Rxf5 $1 $17 22. Rxf5 Qg3+ 23. Kh1 Qxe3 24. Rxh5 g6) 22. Qe2 Nf6 23. g4 Nd7 ({Black should play} 23... Kh8 $14) 24. Rg1 Qe6 25. g5 Rxf5 26. exf5 Qxf5 27. Raf1 Qe6 28. Rxf8 Nxf8 29. gxh6 gxh6 30. Qh5 Ne7 31. Rf1 $18 Kg7 32. Bxh6+ 1-0

[Event "2nd Kalyan Dombivali 2019"]
[Site "Kalyan"]
[Date "2019.02.01"]
[Round "7"]
[White "Subramanian, R M"]
[Black "Kamble Dipankar"]
[Result "1-0"]
[ECO "B23"]
[WhiteElo "1780"]
[BlackElo "1487"]
[Annotator "NA RC"]
[PlyCount "63"]
[EventDate "2019.01.28"]
[EventType "swiss"]
[EventRounds "10"]
[EventCountry "IND"]
[SourceTitle "playchess.com"]
[Source "ChessBase"]
[SourceQuality "1"]
[TimeControl "5400+30"]

1. e4 c5 2. Nc3 d6 3. f4 Nc6 4. Nf3 g6 5. Bb5 Bg7 6. O-O a6 7. Bxc6+ bxc6 8. d3 Nh6 9. Qe1 f5 10. e5 O-O 11. h3 e6 12. Be3 dxe5 13. Nxe5 Bxe5 14. fxe5 Nf7 15. Bxc5 Re8 16. Na4 Rb8 17. b3 a5 18. Qe3 Qg5 19. Qxg5 Nxg5 20. Nb6 Nf7 21. Rae1 Rd8 22. Rf4 Ba6 23. Ra4 Bxd3 24. cxd3 Rxd3 25. Rxa5 Ng5 26. Ra7 Ne4 27. Rxe4 fxe4 28. Nd7 Rxd7 29. Rxd7 Ra8 30. a4 Ra5 31. Bd6 Rd5 32. Kf2 1-0

[Event "2nd Kalyan Dombivali 2019"]
[Site "Kalyan"]
[Date "2019.02.01"]
[Round "7"]
[White "Javheri, Jaydev"]
[Black "Lasani H Kothari"]
[Result "1-0"]
[ECO "B34"]
[WhiteElo "1675"]
[BlackElo "1321"]
[Annotator "NA"]
[PlyCount "143"]
[EventDate "2019.01.28"]
[EventType "swiss"]
[EventRounds "10"]
[EventCountry "IND"]
[SourceTitle "playchess.com"]
[Source "ChessBase"]
[SourceQuality "1"]
[TimeControl "5400+30"]

1. e4 c5 2. Nf3 Nc6 3. d4 cxd4 4. Nxd4 g6 5. Nxc6 bxc6 6. Qd4 Nf6 7. e5 Ng8 8. e6 Nf6 9. exf7+ Kxf7 10. Nc3 d5 11. Bg5 Bg7 12. Bxf6 Bxf6 13. Qc5 Bd7 14. Be2 Re8 15. O-O Kg8 16. Rad1 e5 17. Bf3 e4 18. Be2 Be7 19. Qd4 Bf6 20. Qc5 Be7 21. Qe3 Bg5 22. Qc5 Be7 23. Qd4 Bf6 24. Qe3 Bg5 25. f4 exf3 26. Qxf3 Rf8 27. Qg3 Bf5 28. Bd3 Bxd3 29. Rxf8+ Qxf8 30. cxd3 Bf4 31. Qg4 Re8 32. Qd7 Rb8 33. Qe6+ Kh8 34. Rf1 d4 35. Nd1 Qd6 36. Qxd6 Bxd6 37. Rf6 Rd8 38. Nf2 c5 39. Ne4 Be7 40. Rc6 Re8 41. Nxc5 Bxc5 42. Rxc5 Re3 43. Rc2 Rxd3 44. Kf2 Re3 45. Rd2 Re4 46. Rd3 Rf4+ 47. Ke2 Re4+ 48. Kf3 Rh4 49. h3 g5 50. Ra3 Rf4+ 51. Ke2 Rf7 52. Ra4 Rd7 53. Kd3 Rf7 54. Rxd4 Rf2 55. Kc3 Rxg2 56. Rg4 Rxg4 57. hxg4 Kg7 58. Kd4 Kf6 59. b4 Ke6 60. a4 a6 61. Ke4 h6 62. Kd4 Kd6 63. Ke4 Ke6 64. b5 a5 65. b6 Kd6 66. Kf5 Kc6 67. Kg6 Kxb6 68. Kxh6 Kc5 69. Kxg5 Kb4 70. Kf5 Kxa4 71. g5 Kb3 72. g6 1-0

[Event "2nd Kalyan Dombivali 2019"]
[Site "Kalyan"]
[Date "2019.02.01"]
[Round "7"]
[White "Ankur Mahesh Gokhale"]
[Black "Kadam Om Manish"]
[Result "0-1"]
[ECO "B23"]
[WhiteElo "1628"]
[BlackElo "1944"]
[Annotator "NA RC"]
[PlyCount "120"]
[EventDate "2019.01.28"]
[EventType "swiss"]
[EventRounds "10"]
[EventCountry "IND"]
[SourceTitle "playchess.com"]
[Source "ChessBase"]
[SourceQuality "1"]
[TimeControl "5400+30"]

1. e4 c5 2. Nc3 a6 3. g3 b5 4. Bg2 Bb7 5. d3 e6 6. f4 Nf6 7. Nf3 b4 {[%emt 0:00:16] B23: Closed Sicilian: Lines without g3} 8. Ne2 d5 (8... d6 $11) 9. e5 Nfd7 10. O-O (10. f5 $16) 10... Nc6 11. f5 exf5 12. e6 fxe6 $146 ({Predecessor:} 12... Nde5 13. Nxe5 Nxe5 14. Rxf5 f6 15. d4 cxd4 16. Nxd4 {1-0 (42) Short,N (2675)-Ausan,L Pretoria 2001}) 13. Nf4 Qf6 (13... e5 $11 14. Nxd5 Be7) 14. Re1 Nd8 $1 15. Ng5 e5 $1 16. Nxd5 Qd6 17. Ne3 $1 Bxg2 18. Kxg2 g6 19. Qf3 Rc8 20. Nc4 Qf6 $2 {[%emt 0:00:36] [#]} (20... Qc6 $14) 21. Qd5 $2 (21. Bf4 $1 $18 Be7 22. Nxe5) 21... Qc6 22. Qxc6 Nxc6 23. Bf4 Be7 24. Nxe5 Ncxe5 25. Bxe5 Nxe5 26. Rxe5 Kd7 27. Nf3 Bf6 28. Re2 Bxb2 29. Rae1 Rhe8 30. Ng5 h6 31. Rxe8 Rxe8 32. Rxe8 Kxe8 33. Ne6 Bd4 34. Kf3 Ke7 35. Nf4 g5 36. Nd5+ Ke6 37. Nb6 g4+ 38. Kg2 Be5 39. h3 Bc7 40. Nc4 h5 41. hxg4 fxg4 42. Kf2 Kd5 43. Nd2 Kd4 44. Ne4 a5 45. Ke2 a4 46. Kd2 c4 47. Nf6 $19 Bxg3 48. Nxh5 Be5 49. dxc4 Kxc4 50. Kc1 g3 51. Nxg3 Bxg3 52. Kb1 Kc3 53. Kc1 Be5 54. Kb1 Kd2 55. a3 b3 56. c3 Kxc3 57. Kc1 Bd6 58. Kb1 Bxa3 59. Ka1 Bc1 60. Kb1 a3 0-1

[Event "2nd Kalyan Dombivali 2019"]
[Site "Kalyan"]
[Date "2019.02.01"]
[Round "7"]
[White "Shivshankar Iyer S"]
[Black "Vijay, Anand M."]
[Result "0-1"]
[ECO "E11"]
[WhiteElo "1619"]
[BlackElo "1841"]
[Annotator "NA RC"]
[PlyCount "108"]
[EventDate "2019.01.28"]
[EventType "swiss"]
[EventRounds "10"]
[EventCountry "IND"]
[SourceTitle "playchess.com"]
[Source "ChessBase"]
[SourceQuality "1"]
[TimeControl "5400+30"]

1. d4 Nf6 2. Nf3 e6 3. c4 Bb4+ 4. Bd2 Bxd2+ 5. Qxd2 b6 6. g3 Bb7 7. Bg2 O-O 8. Nc3 d6 9. O-O Nbd7 10. Rfd1 Ne4 {[%emt 0:00:18] LiveBook: 3 Games} 11. Nxe4 Bxe4 12. Nh4 Bxg2 13. Nxg2 e5 14. e3 Re8 15. f4 exd4 16. exd4 f5 17. Re1 Nf6 18. Qd3 Qd7 19. Nh4 g6 20. Nf3 Rxe1+ 21. Rxe1 Re8 22. Rxe8+ Qxe8 23. d5 Qa4 24. a3 Ne4 25. Ng5 Nxg5 26. fxg5 Qe8 27. Kf2 Qe5 28. Qd2 a5 29. b4 axb4 30. axb4 Kf7 31. b5 Ke7 32. Qe3 Kd7 33. Kf3 Kc8 34. h3 Qg7 35. Qe8+ Kb7 36. Qc6+ Ka7 37. h4 Qe7 38. Kf2 Kb8 39. Kf1 Qe4 40. Kf2 f4 41. gxf4 Qxf4+ 42. Ke2 Qxh4 (42... Qe4+ $142 43. Kd1 Qxh4 44. Qe8+ Ka7) 43. Qe8+ Ka7 44. Qc6 Qe4+ 45. Kf2 Qe7 46. c5 dxc5 47. Qf6 Qd6 48. Qf7 Kb7 49. Qf3 Ka7 50. Qe4 Qh2+ 51. Kf1 Qh3+ 52. Ke2 Qd7 53. Kd1 $19 Qxb5 54. d6 Qd7 0-1

[Event "2nd Kalyan Dombivali 2019"]
[Site "Kalyan"]
[Date "2019.02.01"]
[Round "7"]
[White "Kadam Rishi R"]
[Black "Choudki Khushi"]
[Result "0-1"]
[ECO "B00"]
[WhiteElo "1604"]
[BlackElo "1383"]
[Annotator "NA"]
[PlyCount "76"]
[EventDate "2019.01.28"]
[EventType "swiss"]
[EventRounds "10"]
[EventCountry "IND"]
[SourceTitle "playchess.com"]
[Source "ChessBase"]
[SourceQuality "1"]
[TimeControl "5400+30"]

1. e4 Nc6 2. Nf3 f5 3. exf5 d5 4. d4 Bxf5 5. Bd3 e6 6. O-O Be7 7. Bxf5 exf5 8. Qd3 Nf6 9. Bg5 O-O 10. Bxf6 Bxf6 11. c3 Qd7 12. Nbd2 g5 13. Rfe1 Rae8 14. Nf1 g4 15. N3d2 f4 16. f3 Kh8 17. fxg4 Qxg4 18. h3 Qg6 19. Qxg6 hxg6 20. Nf3 Ne7 21. N1h2 Nf5 22. Ng4 Kg7 23. Nxf6 Kxf6 24. Ne5 Kg5 25. Kf2 Ne3 26. Rac1 Kh6 27. g4 g5 28. Rh1 Kg7 29. h4 Rxe5 30. dxe5 Nxg4+ 31. Kg1 Nxe5 32. hxg5 Nf3+ 33. Kf2 Nxg5 34. Rcg1 Kf6 35. Rh4 Ne6 36. Re1 Kg5 37. Rh7 Rf6 38. Rg7+ Nxg7 0-1

[Event "2nd Kalyan Dombivali 2019"]
[Site "Kalyan"]
[Date "2019.02.01"]
[Round "7"]
[White "Bhat Sanjay"]
[Black "Nehete Akshay S"]
[Result "1/2-1/2"]
[ECO "A15"]
[WhiteElo "1597"]
[BlackElo "1788"]
[Annotator "NA RC"]
[PlyCount "63"]
[EventDate "2019.01.28"]
[EventType "swiss"]
[EventRounds "10"]
[EventCountry "IND"]
[SourceTitle "playchess.com"]
[Source "ChessBase"]
[SourceQuality "1"]
[TimeControl "5400+30"]

1. c4 Nf6 2. g3 g6 3. Bg2 Bg7 4. Nc3 O-O 5. e4 d6 6. Nge2 Nc6 7. O-O a6 8. d3 Rb8 9. a4 Nb4 10. h3 c5 11. f4 Bd7 12. Be3 Qc7 13. Qd2 Bc6 14. f5 Rfc8 15. g4 b5 16. Rf2 bxc4 17. dxc4 Qb7 18. Ng3 Nd7 19. Nd5 Ne5 20. Bf1 Nxd5 21. exd5 Bd7 22. Ra3 Qb4 23. Qc2 Rb7 24. Bc1 Rcb8 25. Kg2 Qa5 26. Bd2 Qc7 27. Bc3 Re8 28. g5 Bh8 29. Qd2 Rbb8 30. Be2 Bc8 31. Kh2 e6 32. dxe6 1/2-1/2

[Event "2nd Kalyan Dombivali 2019"]
[Site "Kalyan"]
[Date "2019.02.01"]
[Round "7"]
[White "Arvind, Ramnath Iyer"]
[Black "Akshit Jha"]
[Result "1/2-1/2"]
[ECO "C02"]
[WhiteElo "1567"]
[BlackElo "1604"]
[Annotator "NA RC"]
[PlyCount "101"]
[EventDate "2019.01.28"]
[EventType "swiss"]
[EventRounds "10"]
[EventCountry "IND"]
[SourceTitle "playchess.com"]
[Source "ChessBase"]
[SourceQuality "1"]
[TimeControl "5400+30"]

1. e4 e6 2. d4 d5 3. e5 c5 4. c3 Qb6 5. Bd3 cxd4 6. cxd4 Nc6 7. Nf3 Bd7 8. Bc2 Nb4 9. Nc3 Nxc2+ 10. Qxc2 Rc8 11. O-O Ne7 12. Be3 Nf5 13. Qd2 Bb4 14. Rfc1 O-O 15. a3 Be7 16. Ne2 Nxe3 17. Qxe3 Rxc1+ 18. Qxc1 Rc8 19. Qd2 Bb5 20. Nc3 Bc4 21. Rc1 Rc6 22. Nd1 Qc7 23. Ne3 Bb3 24. Rxc6 Qxc6 25. Ne1 b6 26. Nd3 a5 27. Qc1 Qxc1+ 28. Nxc1 Ba4 29. Kf1 Kf8 30. Ke2 Ke8 31. Kd2 Kd7 32. f4 Bb5 33. g4 a4 34. Ne2 Bxe2 35. Kxe2 b5 36. Nc2 Kc6 37. Nb4+ Kb6 38. g5 Bxb4 39. axb4 g6 40. h4 Kc7 41. Kf3 Kd7 42. Kg4 Ke7 43. h5 Kf8 44. h6 Kg8 45. Kf3 Kf8 46. Ke3 Ke7 47. Kd3 Kd7 48. Kc3 Kc6 49. b3 a3 50. Kc2 a2 51. Kb2 1/2-1/2

[Event "2nd Kalyan Dombivali 2019"]
[Site "Kalyan"]
[Date "2019.02.01"]
[Round "7"]
[White "Soni Deepak R"]
[Black "Shreyas Ghadi"]
[Result "0-1"]
[ECO "A46"]
[WhiteElo "1425"]
[BlackElo "1653"]
[Annotator "NA RC"]
[PlyCount "64"]
[EventDate "2019.01.28"]
[EventType "swiss"]
[EventRounds "10"]
[EventCountry "IND"]
[SourceTitle "playchess.com"]
[Source "ChessBase"]
[SourceQuality "1"]
[TimeControl "5400+30"]

1. d4 Nf6 2. Nf3 e6 3. Bf4 b6 4. e3 Bb7 5. Nbd2 c5 6. c3 Nc6 7. Bd3 Be7 8. h3 O-O 9. Rc1 h6 10. Bb1 Nd5 11. Bh2 Rc8 12. e4 Nc7 13. Qc2 cxd4 14. Bxc7 Qxc7 15. cxd4 Qb8 16. Qd1 Ba6 17. a3 d5 18. Rc3 e5 19. Bd3 Bxd3 20. Rxd3 dxe4 21. Nxe4 f5 22. Ng3 e4 23. d5 Na5 24. Re3 Bc5 25. Nd4 f4 26. Ngf5 fxe3 27. Qg4 Qe5 28. Nxh6+ Kh7 29. Nhf5 Bxd4 30. Qh4+ Kg8 31. Ne7+ Qxe7 32. Qxe7 Rc1+ 0-1

[Event "2nd Kalyan Dombivali 2019"]
[Site "Kalyan"]
[Date "2019.02.01"]
[Round "7"]
[White "Agarwal Shyam"]
[Black "Chhabra Aakash"]
[Result "0-1"]
[ECO "C01"]
[WhiteElo "1409"]
[BlackElo "1619"]
[Annotator "NA"]
[PlyCount "152"]
[EventDate "2019.01.28"]
[EventType "swiss"]
[EventRounds "10"]
[EventCountry "IND"]
[SourceTitle "playchess.com"]
[Source "ChessBase"]
[SourceQuality "1"]
[TimeControl "5400+30"]

1. e4 e6 2. d4 d5 3. exd5 exd5 4. Nf3 Bd6 5. Bd3 Ne7 6. O-O O-O 7. Re1 Bf5 8. Be3 Nbc6 9. c3 Qd7 10. Qc2 Rae8 11. Nbd2 Bg6 12. Nh4 Bxd3 13. Qxd3 Nd8 14. Nf1 h6 15. Ng3 f5 16. f4 g6 17. Nf3 Ne6 18. Ne5 Bxe5 19. dxe5 c5 20. b4 b6 21. bxc5 bxc5 22. Rab1 Rb8 23. Ne2 Kf7 24. Qd2 Qc7 25. Rb3 Rb6 26. Reb1 Rfb8 27. Nc1 Rxb3 28. Rxb3 Rb6 29. g3 Qc6 30. Ne2 Qb7 31. Qb2 Qa6 32. h3 h5 33. Nc1 Nc8 34. Qd2 Qc4 35. Qe2 Qxe2 36. Nxe2 Ke7 37. Kf2 Kd7 38. Ke1 Kc6 39. Kd2 Ra6 40. Nc1 Nb6 41. Bf2 Nc4+ 42. Ke2 Rb6 43. Kd1 a5 44. h4 a4 45. Rxb6+ Kxb6 46. Kc2 Kb5 47. Kd3 Kc6 48. Kc2 Na5 49. Kd3 Nb7 50. Kc2 d4 51. c4 Na5 52. Kd3 a3 53. Be1 Nb7 54. Nb3 Kb6 55. Bd2 Ka6 56. Bc1 Na5 57. Nd2 Kb6 58. Bxa3 Nf8 59. Nf3 Ne6 60. Ng5 Nxg5 61. hxg5 Nc6 62. Bb2 Nd8 63. Bc1 Ne6 64. Bd2 Ka6 65. a4 Nf8 66. Kc2 Ne6 67. Kb3 Kb6 68. a5+ Ka6 69. Ka4 Nd8 70. Bc1 Ne6 71. Ba3 d3 72. Bc1 Nd4 73. Bd2 Kb7 74. Bc3 Ka6 75. Bxd4 d2 76. Bxc5 d1=Q+ 0-1

[Event "2nd Kalyan Dombivali 2019"]
[Site "Kalyan"]
[Date "2019.02.01"]
[Round "7"]
[White "Shrey Nilkant"]
[Black "Satkar, Chirag"]
[Result "1/2-1/2"]
[ECO "C55"]
[WhiteElo "1371"]
[BlackElo "2071"]
[Annotator "NA RC"]
[PlyCount "57"]
[EventDate "2019.01.28"]
[EventType "swiss"]
[EventRounds "10"]
[EventCountry "IND"]
[SourceTitle "playchess.com"]
[Source "ChessBase"]
[SourceQuality "1"]
[TimeControl "5400+30"]

1. e4 e5 2. Nf3 Nc6 3. Bc4 Nf6 4. d3 h6 5. c3 d6 6. O-O g6 7. Bb3 Bg7 8. Nbd2 O-O 9. Re1 a6 10. h3 {[%emt 0:02:03] LiveBook: 4 Games} d5 11. exd5 Nxd5 12. Ne4 Re8 $2 {[%emt 0:01:52] [#]} (12... f5 $11 {and Black stays safe.}) 13. Bxh6 $1 Bxh6 14. Bxd5 $1 Kg7 15. Bb3 (15. Bxc6 $18 {has better winning chances.} bxc6 16. Qa4) 15... f5 {[%emt 0:02:11] [#]} 16. Ng3 $1 Bd7 17. a3 Qf6 18. Qc2 Rad8 19. Rad1 Kh7 20. Ba2 Bc8 21. Qa4 b5 22. Qc2 Bb7 23. Qb3 Kg7 24. d4 (24. a4 $11) 24... e4 25. Ne5 Bf4 {[%emt 0:00:53] [#]} (25... Nxe5 $15 26. dxe5 Qe7) 26. Qf7+ $1 Qxf7 27. Nxf7 $16 (27. Bxf7 $2 Nxe5 28. Bxe8 Nd3 $17 {[%mdl 64] Double Attack}) 27... Rd7 28. Ne2 Bd6 29. Nxd6 1/2-1/2

[Event "2nd Kalyan Dombivali 2019"]
[Site "Kalyan"]
[Date "2019.02.01"]
[Round "7"]
[White "Jadhav Jyotiraditya"]
[Black "Govind Prabhu Mah"]
[Result "0-1"]
[ECO "A52"]
[WhiteElo "1358"]
[BlackElo "1601"]
[Annotator "NA"]
[PlyCount "104"]
[EventDate "2019.01.28"]
[EventType "swiss"]
[EventRounds "10"]
[EventCountry "IND"]
[SourceTitle "playchess.com"]
[Source "ChessBase"]
[SourceQuality "1"]
[TimeControl "5400+30"]

1. d4 Nf6 2. c4 e5 3. dxe5 Ng4 4. Nf3 Bc5 5. e3 Nc6 6. Be2 O-O 7. O-O Re8 8. b3 Ngxe5 9. Bb2 a5 10. a3 Nxf3+ 11. Bxf3 Ne5 12. Nd2 Ra6 13. Qc2 Rh6 14. Bxe5 Rxe5 15. Rfd1 Qh4 16. Nf1 d6 17. Rd5 Re8 18. Qc3 Bb6 19. Rad1 f5 20. R5d2 f4 21. exf4 Qxf4 22. b4 axb4 23. axb4 c6 24. c5 dxc5 25. bxc5 Bc7 26. Rd4 Qf6 27. Qd2 Rf8 28. Bg4 Bxg4 29. Rxg4 Rh5 30. Rc4 Rd5 31. Qa2 Kh8 32. Rxd5 cxd5 33. Rc2 d4 34. Rd2 Rd8 35. Qb2 Ba5 36. Rd3 b6 37. cxb6 Bxb6 38. Nd2 h6 39. h3 Rc8 40. Nb3 Rc3 41. Rxc3 dxc3 42. Qc2 Qe5 43. Kf1 Qb5+ 44. Kg1 Qc4 45. Nc1 Qd4 46. Nd3 Bd8 47. Nc1 Qd2 48. Qb1 Qe1+ 49. Kh2 Bc7+ 50. g3 Qxf2+ 51. Kh1 Bxg3 52. Qa2 Qf1# 0-1

[Event "2nd Kalyan Dombivali 2019"]
[Site "Kalyan"]
[Date "2019.02.01"]
[Round "7"]
[White "Gurav Sanmil"]
[Black "Kelaskar, Chinmay"]
[Result "1/2-1/2"]
[ECO "B23"]
[WhiteElo "1311"]
[BlackElo "1764"]
[Annotator "NA RC"]
[PlyCount "49"]
[EventDate "2019.01.28"]
[EventType "swiss"]
[EventRounds "10"]
[EventCountry "IND"]
[SourceTitle "playchess.com"]
[Source "ChessBase"]
[SourceQuality "1"]
[TimeControl "5400+30"]

1. e4 c5 2. Nc3 Nc6 3. f4 g6 4. Nf3 Bg7 5. d3 e6 6. g3 Nge7 7. Bg2 a6 8. a4 Rb8 9. O-O Nd4 10. Ne2 Nec6 11. c3 Nxf3+ 12. Bxf3 d6 13. Be3 O-O 14. Bg2 Qc7 15. Rc1 b5 16. b4 Ne7 17. d4 Rd8 18. a5 c4 19. Qe1 f5 20. e5 Bb7 21. Qf2 Rd7 22. h4 Bd5 23. Kh2 Kf7 24. Ng1 h5 25. Nf3 1/2-1/2